 Dungeon Crawl Stone Soup version 0.20-a0-3-g334f831 (console) character file.

1402 brucemayne the Cleaver (level 8, 0/96 HPs)
             Began as a Hill Orc Monk on Oct 30, 2016.
             Was a Believer of Trog.
             Slain by a human zombie (5 damage)
             ... in an ossuary.
             The game lasted 00:08:34 (1751 turns).

brucemayne the Cleaver (Hill Orc Monk)              Turns: 1751, Time: 00:08:35

Health: 0/96       AC:  4    Str: 21    XL:     8   Next: 69%
Magic:  8/8        EV:  7    Int: 10    God:    Trog [**....]
Gold:   151        SH:  3    Dex: 13    Spells: 0 memorised, 7 levels left

rFire  . . .     SeeInvis .     g - -1 war axe (curse)
rCold  . . .     Gourm    .     n - +0 chain mail (curse)
rNeg   . . .     Faith    .     k - +0 buckler
rPois  .         Spirit   .     (no helmet)
rElec  .         Reflect  .     (no cloak)
rCorr  .         Harm     .     (no gloves)
MR     .....     Clarity  +     (no boots)
Stlth  ..........               (no amulet)
                                (no ring)
                                (no ring)

@: berserking (expiring), very quick
A: clarity, deformed body
a: Berserk, Trog's Hand, Burn Spellbooks, Renounce Religion


You were in an ossuary.
You worshipped Trog.
Trog was pleased with you.
You were not hungry.

You visited 2 branches of the dungeon, and saw 8 of its levels.
You also visited: Ossuary.

You collected 151 gold pieces.

Inventory:

Hand Weapons
 a - a +0 hand axe
 g - a cursed -1 war axe (weapon)
Armour
 b - a +0 robe
 e - a +0 leather armour
 k - a +0 buckler (worn)
 n - a cursed +0 chain mail (worn)
Wands
 h - a wand of flame (39/48)
 i - a wand of random effects (32/48)
 j - a wand of lightning (3/15)
 o - a wand of paralysis (1/24)
Scrolls
 d - 13 scrolls of identify
 l - a scroll of recharging
 m - a scroll of blinking {unknown}
 p - a scroll of magic mapping
 r - a scroll of enchant weapon {unknown}
Potions
 c - 2 potions of lignification {unknown}
 q - 2 potions of curing {unknown}
 s - a potion of heal wounds {unknown}
Comestibles
 f - a meat ration


   Skills:
 - Level 3.6 Fighting
 + Level 13.5 Axes
 - Level 2.4 Dodging
 - Level 1.5 Stealth


You had 7 spell levels left.
You didn't know any spells.

Dungeon Overview and Level Annotations

Branches:
Dungeon (7/15)             Temple (1/1) D:6

Altars:
Ashenzari
Cheibriados
Elyvilon
Hepliaklqana
Okawaru
Ru
Sif Muna
Trog
Vehumet

Shops:
D:4 (

Annotations:
D:7 brucemayne's ghost, amateur HOMo


Innate Abilities, Weirdness & Mutations

You possess an exceptional clarity of mind.
Armour fits poorly on your strangely shaped body.


Message History

You completely miss the human zombie.
Your chain mail prevents you from hitting the human zombie.
You slice the mummy!!
You destroy the mummy!
Trog accepts your kill.
You slash the human zombie! You hit the human zombie.
The human zombie completely misses you. The human zombie hits you.
* * * LOW HITPOINT WARNING * * *
You closely miss the human zombie.
The human zombie is severely damaged.
You hit the human zombie.
Press: ? - help, v - describe, . - travel
Here: a human zombie (heavily damaged)
The floor.
Unknown command.
You slash the human zombie!
You destroy the human zombie!
Trog accepts your kill.
You completely miss the human zombie. The human zombie hits you.
You die...

#.......# ##.....##
###.### #'# #### ###.###
#### ##...# ##.....##
##... #..... #.......#
#....
##.....###...∩...###....
#......@'...∩∩∩...'.....
##....Z###...∩...###....
#..... #.......# #....
##...# ##.....## ##...
#### ###.### #### #'#
###.### ##.....##
#.......#


You could see a human zombie.

Vanquished Creatures
  A black bear (D:7)
  A sky beast (D:6)
  2 centaurs (D:7)
  3 elf zombies (Ossuary)
  A bullfrog (D:6)
  A wyvern skeleton (D:6)
  A scorpion (D:6)
  3 crimson imps
  2 bullfrog zombies
  A gnoll shaman (D:5)
  3 centaur zombies
  2 orc wizards
  A jelly (D:5)
  6 human zombies (Ossuary)
  A hound (D:5)
  3 mummies (Ossuary)
  2 gnolls
  3 adders
  8 orcs
  3 bats (D:1)
  A giant cockroach (D:6)
  4 hobgoblins
  2 quokkas
  A ball python (D:1)
  A frilled lizard (D:1)
  A leopard gecko zombie (D:7)
  3 rats
61 creatures vanquished.

Notes
Turn   | Place    | Note
-------+----------+-------------------------------------------
     0 | D:1      | brucemayne the Hill Orc Monk began the quest for the Orb.
     0 | D:1      | Reached XP level 1. HP: 19/19 MP: 1/1
   204 | D:1      | Reached XP level 2. HP: 22/26 MP: 2/2
   406 | D:3      | Reached skill level 5 in Axes
   420 | D:4      | Reached XP level 3. HP: 9/31 MP: 3/3
   548 | D:3      | Reached skill level 6 in Axes
   548 | D:3      | Reached XP level 4. HP: 2/39 MP: 4/4
   621 | D:4      | Found Lacvoa Hely's Antique Weapon Boutique.
   633 | D:5      | Entered Level 5 of the Dungeon
   786 | D:6      | Found a staircase to the Ecumenical Temple.
   806 | D:6      | Reached skill level 7 in Axes
   806 | D:6      | Reached XP level 5. HP: 31/45 MP: 5/5
   819 | D:6      | Reached skill level 8 in Axes
   825 | Temple   | Entered the Ecumenical Temple
   892 | Temple   | Became a worshipper of Trog the Wrathful
   892 | Temple   | Reached * piety under Trog
   892 | Temple   | Reached ** piety under Trog
   926 | D:6      | Reached XP level 6. HP: 26/51 MP: 6/6
  1008 | D:5      | Reached skill level 9 in Axes
  1036 | D:5      | Reached skill level 10 in Axes
  1036 | D:5      | Reached XP level 7. HP: 29/57 MP: 7/7
  1038 | D:5      | HP: 2/57 [gnoll/spear (7)]
  1264 | D:6      | Reached skill level 11 in Axes
  1287 | D:6      | HP: 4/85 [something (5)]
  1293 | D:6      | Gained mutation: Armour fits poorly on your strangely shaped body. [mutagenic meat]
  1294 | D:6      | Gained mutation: You possess an exceptional clarity of mind. [mutagenic meat]
  1331 | D:7      | Noticed brucemayne's ghost (amateur HOMo)
  1426 | D:7      | Reached skill level 12 in Axes
  1426 | D:7      | Reached XP level 8. HP: 12/64 MP: 8/8
  1444 | D:7      | Found a sand-covered staircase.
  1452 | Ossuary  | Entered an ossuary
  1632 | Ossuary  | Reached skill level 13 in Axes
  1751 | Ossuary  | Slain by a human zombie

Vault maps used:
D:1:      dpeg_arrival_signposts, minmay_shallow_snake_nest
D:2:      grunt_ministairs_10, minmay_misc_feat_five
D:3:      minmay_splitting_lines, kennysheep_generic_room_14
D:4:      serial_shops, shop, first_bread, kennysheep_generic_room_8
D:7:      cheibrodos_quashed, nicolae_ossuary_entry_monument, glass_columns_a
Temple:   compressed_dpeg_triangle_lava_temple
Ossuary:  ossuary_minmay_four_chambers

Skill      XL: |  1  2  3  4  5  6  7  8 |
---------------+-------------------------+-----
Axes           | 5 6 7 8 10 12 13 | 13.5
Fighting       | |  3.6
Dodging        | |  2.4
Stealth        | |  1.5

Action                   |  1- 3 |  4- 6 |  7- 9 || total
-------------------------+-------+-------+-------++-------
Melee: Hand axe          |    61 |       |       ||    61
       War axe           |       |    51 |   133 ||   184
Invok: Trog's Hand       |       |     2 |     6 ||     8
       Berserk           |       |     2 |     6 ||     8
Evoke: Wand              |     8 |     7 |     7 ||    22
  Use: Scroll            |     1 |     2 |     2 ||     5
       Potion            |       |     1 |       ||     1
 Stab: Sleeping          |     2 |       |       ||     2
       Paralysed         |       |       |     9 ||     9
  Eat: Pizza             |       |     1 |       ||     1
       Bread ration      |       |       |     2 ||     2
       Chunk             |       |       |     2 ||     2
       Meat ration       |       |       |     1 ||     1
Armor: Leather armour    |    14 |     7 |       ||    21
       Robe              |     3 |       |       ||     3
       Chain mail        |       |       |    39 ||    39
Dodge: Dodged            |    61 |    25 |    24 ||   110
Block: Buckler           |       |     8 |    17 ||    25
